 Dungeon Crawl Stone Soup version 0.31-a0-702-gf82c85558f (webtiles) character file.

Game seed: 5773631801721382102

28275 qw the Marksgargoyle (level 13, -7/84 HPs)
             Began as a Gargoyle Hunter on Sept 7, 2023.
             Was an Elder of Okawaru.
             Mangled by a dire elephant (9 damage)
             ... on level 2 of the Lair of Beasts.
             The game lasted 00:05:44 (11469 turns).

qw the Marksgargoyle (Gargoyle Hunter)             Turns: 11469, Time: 00:05:44

Health: -7/84      AC: 24    Str: 15    XL:     13   Next: 37%
Magic:  20/20      EV: 16    Int: 11    God:    Okawaru [****..]
Gold:   511        SH:  5    Dex: 17    Spells: 12/12 levels left

rFire   + + .        h - +0 longbow (heavy)
rCold   + + .        (shield currently unavailable)
rNeg    + + .        i - +3 ring mail {rN+}
rPois   inf          (no helmet)
rElec   +            f - scarf {rC+ rF+}
rCorr   .            m - +2 pair of gloves
SInv    .            l - +0 pair of boots
Will    .....        n - amulet of reflection
Stlth   +++          e - ring of protection from fire
HPRegen 0.34/turn    q - ring of protection from cold
MPRegen 0.17/turn

%: reflection
@: heroic, slowed, very slow
A: sickness immunity, AC +9, negative energy resistance 1, electricity
resistance, torment resistance 1, petrification resistance
a: Renounce Religion, Heroism, Finesse


You were on level 2 of the Lair of Beasts.
You worshipped Okawaru.
Okawaru was greatly pleased with you.
You visited 3 branches of the dungeon, and saw 13 of its levels.

You collected 856 gold pieces.
You spent 345 gold pieces at shops.


Innate Abilities, Weirdness & Mutations

You are immune to sickness and miasma.
Your stone body is resilient. (AC +9)
You are immune to poison.
You resist negative energy. (rN+)
You are resistant to electric shocks. (rElec)
You are resistant to unholy torment.
You are immune to petrification.


   Skills:
 - Level 11.0(16.0) Fighting
 + Level 16.7(21.7) Ranged Weapons
 - Level 5.0(10.0) Armour
 - Level 5.0(10.0) Dodging
 - Level 1.1(6.1) Stealth
 - Level 10.0 Invocations


You had 12 spell levels left.
You didn't know any spells.
Your spell library was empty.

Inventory:

Hand Weapons
 h - a +0 heavy longbow (weapon)
Armour
 f - a scarf of resistance (worn)
 i - a +3 ring mail of positive energy (worn)
 l - a +0 pair of boots (worn)
 m - a +2 pair of gloves (worn)
Jewellery
 c - a ring of ice
 e - a ring of protection from fire (left hand)
 n - an amulet of reflection (around neck)
 q - a ring of protection from cold (right hand)
Wands
 t - a wand of digging (7)
Scrolls
 b - 5 scrolls of identify
Potions
 a - 2 potions of resistance
 d - 3 potions of curing
 g - a potion of enlightenment
 j - 2 potions of haste
 k - a potion of mutation
 r - a potion of might

Dungeon Overview and Level Annotations

Branches:
Dungeon (10/15)            Temple (1/1) D:5            Lair (2/5) D:9
  Swamp (0/4) Lair:2
  Snake: Lair:2-3    Spider: Lair:2-3       Orc: D:9-12

Altars:
Ashenzari
Cheibriados
Dithmenos
Elyvilon
Fedhas
Gozag
Hepliaklqana
Kikubaaqudgha
Makhleb
Nemelex Xobeh
Okawaru
Qazlal
Ru
Sif Muna
Trog
Uskayaw
Vehumet
Wu Jian
Xom
Yredelemnul
Zin
The Shining One

Shops:
D:6 [


Message History

The wolf bites you but does no damage.
The basilisk hisses menacingly.
The alligator bites you. The alligator misses you. The wolf closely misses you.
You shoot an arrow. The arrow hits the alligator!!!
You kill the alligator!
Okawaru accepts your kill. The wolf barely misses you.
You shoot an arrow. The arrow hits the wolf!!!
You kill the wolf!
Okawaru accepts your kill. The basilisk gazes at you.
You easily resist.
You shoot an arrow. The arrow hits the komodo dragon!!!
The komodo dragon is severely wounded.
The komodo dragon bites you!
You shoot an arrow. The arrow hits the komodo dragon!!!
You kill the komodo dragon!
Okawaru accepts your kill.
You shoot an arrow. The arrow closely misses the basilisk.
The arrow hits the dire elephant!!!
The dire elephant is moderately wounded.
The basilisk misses you.
Being near the torpor snail leaves you feeling lethargic.
You shoot an arrow.
The arrow barely misses the dire elephant.
The arrow hits the dire elephant!!
The dire elephant is moderately wounded.
The dire elephant tramples you but does no damage.
The dire elephant trunk-slaps you but does no damage.
You shoot an arrow.
The arrow hits the dire elephant but does no damage.
The dire elephant is moderately wounded.
The dire elephant closely misses you.
The dire elephant completely misses you.
The dire elephant tramples you!
You hold your ground!
The dire elephant trunk-slaps you but does no damage.
The dire elephant tramples you!
You hold your ground!
You block the dire elephant's attack. The dire elephant barely misses you.
The dire elephant trunk-slaps you!
You die...

##...%~~~....#...## #...
#...~~~~~~..~#....# ##...
#..~~~~~~~~.###..## #....
#..~~w~~~~~.~#...######....
#...~~~~~~...#..<.#.P##....
##...~~~~....##..##........
##...~~....###..'...#....<
#.......Y####....#####....
##~..~.YY@# ##..## #....
########## #...# #.##.
#...# ##.#. ##P.# #### ##P#
# ###


You could see 3 dire elephants and a torpor snail.

Vanquished Creatures
  2 alligators (Lair:2)
  An anaconda (Lair:2)
  A catoblepas (Lair:2)
  A boulder beetle (Lair:1)
  3 bog bodies (Lair:2)
  A manticore (D:8)
  An elephant (Lair:2)
  A torpor snail (Lair:2)
  9 cane toads
  6 komodo dragons
  5 blink frogs (Lair:2)
  3 hornets
  Prince Ribbit (D:8)
  58 yaks
  6 wyverns
  3 basilisks (Lair:2)
  4 steam dragons
  A vampire mosquito (D:8)
  2 swamp worms (Lair:2)
  10 water moccasins
  An acid dragon (D:8)
  Duvessa (D:6)
  5 ice beasts
  A black bear (D:6)
  2 sky beasts (D:7)
  5 wolves
  4 centaurs
  An ogre (D:4)
  A phantom (D:5)
  15 bullfrogs
  2 kobold brigands (D:9)
  A gnoll sergeant (D:9)
  A scorpion (D:4)
  9 wights
  Dowan (D:6)
  14 killer bees
  2 electric eels (Lair:2)
  A howler monkey (D:8)
  5 jellies
  6 orc priests
  A gnoll bouda (D:6)
  7 hounds
  3 sleepcaps
  4 iguanas
  9 orc wizards
  3 hell rats (Lair:2)
  12 gnolls
  8 adders
  2 shadow imps
  4 white imps
  An ufetubus (D:4)
  2 dart slugs
  20 orcs
  4 endoplasms
  2 giant cockroaches
  4 goblins
  4 hobgoblins
  10 jackals
  4 quokkas
  4 ball pythons
  7 bats
  18 kobolds
  7 rats
337 creatures vanquished.

Notes
Turn   | Place    | Note
-------+----------+-------------------------------------------
     0 | D:1      | qw the Gargoyle Hunter began the quest for the Orb.
     0 | D:1      | Reached XP level 1. HP: 12/12 MP: 1/1
     0 | D:1      | 0 ||| qw: Version: 0.3-a-76-g4403597
     0 | D:1      | 0 ||| qw: Game counter: 778
     0 | D:1      | 0 ||| qw: Melee chars always use a shield: true
     0 | D:1      | 0 ||| qw: God list: Okawaru
     0 | D:1      | 0 ||| qw: Allow faded altars: false
     0 | D:1      | 0 ||| qw: Do Orc after clearing Dungeon:15 true
     0 | D:1      | 0 ||| qw: Do second Lair branch before Depths: true
     0 | D:1      | 0 ||| qw: Lair rune preference: random
     0 | D:1      | 0 ||| qw: Goals: Normal
     0 | D:1      | 0 ||| PLANNING D:1-11
   127 | D:1      | Reached XP level 2. HP: 17/17 MP: 2/2
   342 | D:1      | 342 ||| UPGRADING to +0 ring mail.
   352 | D:1      | 352 ||| DROPPING +0 leather armour.
   353 | D:1      | 353 ||| UPGRADING to ring of protection from fire.
   354 | D:1      | 354 ||| READING scroll labelled ZOUGE SOUWAUNIQAK.
   355 | D:1      | 355 ||| READING scroll labelled YDDACS EFREKEL.
   356 | D:1      | 356 ||| READING scroll labelled EPER DIUHOSA.
   357 | D:1      | 357 ||| DROPPING scroll of butterflies.
   380 | D:2      | Found a faded altar of an unknown god.
   579 | D:2      | Reached skill level 1 in Armour
   588 | D:2      | Reached XP level 3. HP: 21/21 MP: 3/3
   641 | D:2      | 641 ||| Stepping ~*~*~tactically~*~*~ (retreating).
   644 | D:2      | Reached skill level 5 in Ranged Weapons
   649 | D:2      | Reached XP level 4. HP: 15/27 MP: 4/4
   735 | D:2      | Reached skill level 3 in Fighting
  1123 | D:2      | 1123 ||| UPGRADING to scarf of resistance.
  1128 | D:2      | 1128 ||| READING scroll labelled ZENEGOANAT.
  1129 | D:2      | 1129 ||| READING scroll labelled ESYRICWAIRPH.
  1393 | D:3      | 1393 ||| Stepping ~*~*~tactically~*~*~ (retreating).
  1400 | D:3      | 1400 ||| Stepping ~*~*~tactically~*~*~ (retreating).
  1405 | D:3      | Reached XP level 5. HP: 16/32 MP: 5/5
  1406 | D:3      | HP: 4/32 [orc priest/divine providence (12)]
  1409 | D:3      | HP: 1/32 [orc priest/nerve-wracking pain (4)]
  1411 | D:3      | Reached skill level 6 in Ranged Weapons
  1912 | D:3      | Found a shimmering altar of Xom.
  2108 | D:3      | 2108 ||| UPGRADING to +0 pair of gloves.
  2113 | D:3      | 2113 ||| READING 2 scrolls labelled LIXKEY DEUCVE.
  2114 | D:3      | 2114 ||| READING scroll labelled MURUOHYPOI.
  2119 | D:3      | 2119 ||| DROPPING scroll of amnesia.
  2173 | D:4      | Noticed an ogre
  2177 | D:4      | HP: 2/33 [ogre/+0 giant spiked club (17)]
  2178 | D:4      | Killed an ogre
  2179 | D:4      | Reached XP level 6. HP: 3/39 MP: 6/6
  2298 | D:4      | 2298 ||| FLEEEEING.
  2299 | D:4      | 2299 ||| FLEEEEING.
  2300 | D:4      | 2300 ||| FLEEEEING.
  2301 | D:4      | 2301 ||| STAIRDANCE
  2316 | D:3      | 2316 ||| READING scroll labelled ZIFUXE WER.
  2334 | D:4      | 2334 ||| STAIRDANCE
  2481 | D:4      | Found a broken altar of Ashenzari.
  2645 | D:4      | Noticed an ice beast
  2658 | D:4      | Killed an ice beast
  2659 | D:4      | Reached skill level 7 in Ranged Weapons
  2659 | D:4      | Reached XP level 7. HP: 38/44 MP: 7/7
  2805 | D:4      | Found a sparkling altar of Nemelex Xobeh.
  2879 | D:4      | 2879 ||| UPGRADING to amulet of reflection.
  2884 | D:4      | 2884 ||| DROPPING amulet of guardian spirit.
  2885 | D:4      | 2885 ||| UPGRADING to ring of protection from cold.
  2886 | D:4      | 2886 ||| READING scroll labelled UNACUTZ BEEM.
  2887 | D:4      | 2887 ||| READING scroll labelled QIBYRAOGIE.
  2888 | D:4      | 2888 ||| DRINKING 2 cyan potions.
  2889 | D:4      | 2889 ||| DRINKING 2 clear potions.
  2890 | D:4      | 2890 ||| READING 2 scrolls of identify.
  2890 | D:4      | 2890 ||| IDENTIFYING purple potion
  2891 | D:4      | 2891 ||| DROPPING potion of invisibility.
  2930 | D:5      | Entered Level 5 of the Dungeon
  3077 | D:5      | Reached skill level 8 in Ranged Weapons
  3436 | D:5      | Found a staircase to the Ecumenical Temple.
  3437 | D:5      | 3437 ||| PLANNING TEMPLE
  3437 | D:5      | 3437 ||| UPGRADING to +0 pair of boots.
  3442 | D:5      | 3442 ||| DRINKING 2 bubbling white potions.
  3443 | D:5      | 3443 ||| DRINKING 2 green potions.
  3444 | D:5      | 3444 ||| READING 3 scrolls of identify.
  3444 | D:5      | 3444 ||| IDENTIFYING puce potion
  3445 | D:5      | 3445 ||| READING 2 scrolls of identify.
  3445 | D:5      | 3445 ||| IDENTIFYING lumpy dark potion
  3446 | D:5      | 3446 ||| DROPPING potion of ambrosia.
  3455 | Temple   | Entered the Ecumenical Temple
  3456 | Temple   | 3456 ||| PLANNING D:1-11
  3514 | D:6      | 3514 ||| RETREATING.
  3533 | D:6      | Reached XP level 8. HP: 39/49 MP: 8/8
  3596 | D:6      | 3596 ||| FLEEEEING.
  3601 | D:6      | 3601 ||| STAIRDANCE
  3717 | D:6      | 3717 ||| Stepping ~*~*~tactically~*~*~ (retreating).
  3719 | D:6      | Reached skill level 9 in Ranged Weapons
  3725 | D:6      | 3725 ||| Stepping ~*~*~tactically~*~*~ (retreating).
  3726 | D:6      | 3726 ||| Stepping ~*~*~tactically~*~*~ (retreating).
  3727 | D:6      | 3727 ||| Stepping ~*~*~tactically~*~*~ (retreating).
  3728 | D:6      | 3728 ||| Stepping ~*~*~tactically~*~*~ (retreating).
  3729 | D:6      | 3729 ||| Stepping ~*~*~tactically~*~*~ (retreating).
  3730 | D:6      | 3730 ||| Stepping ~*~*~tactically~*~*~ (retreating).
  3751 | D:6      | Reached skill level 6 in Fighting
  3945 | D:6      | 3945 ||| RETREATING.
  3967 | D:6      | Reached skill level 10 in Ranged Weapons
  3967 | D:6      | Reached XP level 9. HP: 53/55 MP: 9/9
  3976 | D:6      | 3976 ||| RETREATING.
  3987 | D:6      | Reached skill level 3 in Armour
  3991 | D:6      | 3991 ||| FLEEEEING.
  3992 | D:6      | 3992 ||| FLEEEEING.
  4065 | D:6      | Found an iron altar of Okawaru.
  4067 | D:6      | 4067 ||| PLANNING OKAWARU WORSHIP
  4067 | D:6      | 4067 ||| READING 3 scrolls of identify.
  4067 | D:6      | 4067 ||| IDENTIFYING metallic brown potion
  4070 | D:6      | Found Gegruel's Armour Boutique.
  4075 | D:6      | Became a worshipper of Warmaster Okawaru
  4076 | D:6      | 4076 ||| PLANNING D:1-11
  4082 | D:6      | 4082 ||| BUYING +3 ring mail of positive energy (345 gold).
  4082 | D:6      | Bought a +3 ring mail of positive energy for 345 gold
                  | pieces
  4090 | D:6      | Found a hazy altar of Hepliaklqana.
  4095 | D:6      | 4095 ||| Stepping ~*~*~tactically~*~*~ (outnumbered).
  4389 | D:6      | Noticed Dowan
  4392 | D:6      | Noticed Duvessa
  4405 | D:6      | Killed Duvessa
  4510 | D:6      | Killed Dowan
  4876 | D:6      | 4876 ||| UPGRADING to +3 ring mail of positive energy.
  4886 | D:6      | 4886 ||| DROPPING +0 ring mail.
  4887 | D:6      | 4887 ||| READING scroll labelled JONNIY YQUTAOS.
  4887 | D:6      | Identified a scroll of acquirement
  4887 | D:6      | 4887 ||| ACQUIRING +0 heavy longbow
  4887 | D:6      | Acquired a +0 heavy longbow
  4889 | D:6      | 4889 ||| SWAPPING to +0 heavy longbow.
  4890 | D:6      | 4890 ||| DROPPING +0 shortbow of freezing.
  4922 | D:7      | Identified the +6 long sword "Yseegh" {speed, rElec rN++
                  | Int-5 Stlth+}
  4999 | D:7      | Found a flagged portal.
  5054 | D:7      | Reached skill level 11 in Ranged Weapons
  5059 | D:7      | Reached skill level 3 in Dodging
  5237 | D:7      | Reached * piety under Okawaru
  5249 | D:7      | Reached skill level 1 in Invocations
  5278 | D:7      | 5278 ||| INVOKING Heroism.
  5402 | D:7      | 5402 ||| READING scroll of enchant armour.
  5402 | D:7      | 5402 ||| ENCHANTING +0 pair of gloves.
  5726 | D:8      | 5726 ||| Stepping ~*~*~tactically~*~*~ (outnumbered).
  5728 | D:8      | 5728 ||| Stepping ~*~*~tactically~*~*~ (outnumbered).
  5729 | D:8      | 5729 ||| INVOKING Heroism.
  5790 | D:8      | Found a bloodstained altar of Trog.
  5800 | D:8      | Found a glowing silver altar of Zin.
  5801 | D:8      | 5801 ||| RETREATING.
  5804 | D:8      | 5804 ||| RETREATING.
  5806 | D:8      | 5806 ||| RETREATING.
  5808 | D:8      | 5808 ||| Stepping ~*~*~tactically~*~*~ (retreating).
  5816 | D:8      | Reached skill level 3 in Invocations
  5818 | D:8      | 5818 ||| INVOKING Heroism.
  5821 | D:8      | Reached XP level 10. HP: 49/64 MP: 9/12
  5833 | D:8      | Reached ** piety under Okawaru
  5838 | D:8      | 5838 ||| INVOKING Heroism.
  5839 | D:8      | HP: 15/64 [yak (8)]
  5840 | D:8      | 5840 ||| READING 2 scrolls of teleportation.
  5841 | D:8      | 5841 ||| DRINKING potion of heal wounds.
  6030 | D:8      | Found a sacrificial altar of Ru.
  6031 | D:8      | 6031 ||| Stepping ~*~*~tactically~*~*~ (outnumbered).
  6074 | D:8      | Noticed Prince Ribbit
  6092 | D:8      | Killed Prince Ribbit
  6093 | D:8      | Reached skill level 12 in Ranged Weapons
  6146 | D:8      | 6146 ||| RETREATING.
  6148 | D:8      | 6148 ||| Stepping ~*~*~tactically~*~*~ (retreating).
  6149 | D:8      | 6149 ||| Stepping ~*~*~tactically~*~*~ (retreating).
  6151 | D:8      | 6151 ||| Stepping ~*~*~tactically~*~*~ (retreating).
  6153 | D:8      | 6153 ||| Stepping ~*~*~tactically~*~*~ (retreating).
  6154 | D:8      | 6154 ||| Stepping ~*~*~tactically~*~*~ (retreating).
  6155 | D:8      | 6155 ||| Stepping ~*~*~tactically~*~*~ (retreating).
  6156 | D:8      | 6156 ||| Stepping ~*~*~tactically~*~*~ (retreating).
  6157 | D:8      | 6157 ||| Stepping ~*~*~tactically~*~*~ (retreating).
  6158 | D:8      | 6158 ||| INVOKING Heroism.
  6348 | D:8      | 6348 ||| FLEEEEING.
  6349 | D:8      | 6349 ||| FLEEEEING.
  6350 | D:8      | 6350 ||| FLEEEEING.
  6351 | D:8      | 6351 ||| FLEEEEING.
  6352 | D:8      | 6352 ||| FLEEEEING.
  6353 | D:8      | 6353 ||| FLEEEEING.
  6354 | D:8      | 6354 ||| FLEEEEING.
  6355 | D:8      | 6355 ||| FLEEEEING.
  6356 | D:8      | 6356 ||| FLEEEEING.
  6357 | D:8      | 6357 ||| FLEEEEING.
  6358 | D:8      | 6358 ||| FLEEEEING.
  6359 | D:8      | 6359 ||| FLEEEEING.
  6360 | D:8      | 6360 ||| FLEEEEING.
  6361 | D:8      | 6361 ||| FLEEEEING.
  6390 | D:8      | Reached *** piety under Okawaru
  6391 | D:8      | Reached skill level 13 in Ranged Weapons
  6415 | D:8      | 6415 ||| Stepping ~*~*~tactically~*~*~ (retreating).
  6416 | D:8      | 6416 ||| Stepping ~*~*~tactically~*~*~ (retreating).
  6417 | D:8      | 6417 ||| Stepping ~*~*~tactically~*~*~ (retreating).
  6418 | D:8      | 6418 ||| Stepping ~*~*~tactically~*~*~ (retreating).
  6419 | D:8      | 6419 ||| RETREATING.
  6423 | D:8      | 6423 ||| Stepping ~*~*~tactically~*~*~ (retreating).
  6431 | D:8      | 6431 ||| INVOKING Heroism.
  6433 | D:8      | Reached skill level 9 in Fighting
  6437 | D:8      | Reached XP level 11. HP: 42/71 MP: 11/14
  6643 | D:8      | 6643 ||| RETREATING.
  6653 | D:8      | 6653 ||| Stepping ~*~*~tactically~*~*~ (retreating).
  6661 | D:8      | 6661 ||| INVOKING Heroism.
  6747 | D:8      | 6747 ||| READING 5 scrolls of identify.
  6747 | D:8      | 6747 ||| IDENTIFYING bubbling pink potion
  6748 | D:8      | 6748 ||| READING 4 scrolls of identify.
  6748 | D:8      | 6748 ||| IDENTIFYING sedimented emerald potion
  6750 | D:8      | 6750 ||| DROPPING potion of lignification.
  6797 | D:8      | Reached **** piety under Okawaru
  6798 | D:8      | Reached skill level 14 in Ranged Weapons
  6817 | D:8      | Noticed a manticore
  6818 | D:8      | 6818 ||| INVOKING Heroism.
  6821 | D:8      | Killed a manticore
  6962 | D:8      | 6962 ||| DRINKING 2 potions of curing.
  6962 | D:8      | 6962 ||| (to cure confusion)
  7018 | D:8      | 7018 ||| READING scroll labelled MEQ SUSAWUIPH.
  7045 | D:9      | 7045 ||| Stepping ~*~*~tactically~*~*~ (outnumbered).
  7048 | D:9      | 7048 ||| Stepping ~*~*~tactically~*~*~ (outnumbered).
  7053 | D:9      | 7053 ||| Stepping ~*~*~tactically~*~*~ (retreating).
  7054 | D:9      | 7054 ||| Stepping ~*~*~tactically~*~*~ (retreating).
  7055 | D:9      | 7055 ||| Stepping ~*~*~tactically~*~*~ (retreating).
  7056 | D:9      | 7056 ||| Stepping ~*~*~tactically~*~*~ (retreating).
  7057 | D:9      | 7057 ||| Stepping ~*~*~tactically~*~*~ (retreating).
  7058 | D:9      | 7058 ||| Stepping ~*~*~tactically~*~*~ (retreating).
  7059 | D:9      | 7059 ||| Stepping ~*~*~tactically~*~*~ (retreating).
  7060 | D:9      | 7060 ||| Stepping ~*~*~tactically~*~*~ (retreating).
  7074 | D:9      | 7074 ||| INVOKING Heroism.
  7188 | D:9      | 7188 ||| INVOKING Heroism.
  7224 | D:9      | 7224 ||| Stepping ~*~*~tactically~*~*~ (outnumbered).
  7226 | D:9      | 7226 ||| Stepping ~*~*~tactically~*~*~ (outnumbered).
  7227 | D:9      | 7227 ||| Stepping ~*~*~tactically~*~*~ (outnumbered).
  7260 | D:9      | 7260 ||| Stepping ~*~*~tactically~*~*~ (outnumbered).
  7263 | D:9      | 7263 ||| Stepping ~*~*~tactically~*~*~ (outnumbered).
  7266 | D:9      | 7266 ||| Stepping ~*~*~tactically~*~*~ (outnumbered).
  7267 | D:9      | 7267 ||| Stepping ~*~*~tactically~*~*~ (outnumbered).
  7268 | D:9      | 7268 ||| Stepping ~*~*~tactically~*~*~ (outnumbered).
  7269 | D:9      | 7269 ||| Stepping ~*~*~tactically~*~*~ (outnumbered).
  7270 | D:9      | 7270 ||| INVOKING Heroism.
  7358 | D:9      | Found a burning altar of Makhleb.
  7425 | D:9      | Found a blossoming altar of Fedhas.
  7465 | D:9      | Found a glowing golden altar of the Shining One.
  7616 | D:9      | Found a staircase to the Lair.
  7690 | D:10     | Entered Level 10 of the Dungeon
  7709 | D:10     | 7709 ||| RETREATING.
  7710 | D:10     | 7710 ||| Stepping ~*~*~tactically~*~*~ (retreating).
  7711 | D:10     | 7711 ||| Stepping ~*~*~tactically~*~*~ (retreating).
  7712 | D:10     | 7712 ||| Stepping ~*~*~tactically~*~*~ (retreating).
  7714 | D:10     | 7714 ||| Stepping ~*~*~tactically~*~*~ (retreating).
  7715 | D:10     | 7715 ||| Stepping ~*~*~tactically~*~*~ (retreating).
  7720 | D:10     | Reached skill level 6 in Invocations
  7979 | D:10     | 7979 ||| READING scroll of enchant armour.
  7979 | D:10     | 7979 ||| ENCHANTING +1 pair of gloves.
  8014 | D:10     | 8014 ||| RETREATING.
  8023 | D:10     | Reached ***** piety under Okawaru
  8027 | D:10     | 8027 ||| INVOKING Heroism.
  8112 | D:10     | 8112 ||| READING 5 scrolls of identify.
  8112 | D:10     | 8112 ||| IDENTIFYING pink potion
  8113 | D:10     | 8113 ||| DROPPING potion of degeneration.
  8158 | D:10     | 8158 ||| RETREATING.
  8198 | D:10     | 8198 ||| RETREATING.
  8202 | D:10     | 8202 ||| FLEEEEING.
  8203 | D:10     | 8203 ||| FLEEEEING.
  8204 | D:10     | 8204 ||| FLEEEEING.
  8205 | D:10     | 8205 ||| FLEEEEING.
  8206 | D:10     | 8206 ||| FLEEEEING.
  8207 | D:10     | 8207 ||| FLEEEEING.
  8208 | D:10     | 8208 ||| FLEEEEING.
  8215 | D:10     | 8215 ||| FLEEEEING.
  8216 | D:10     | 8216 ||| FLEEEEING.
  8219 | D:10     | 8219 ||| INVOKING Heroism.
  8339 | D:9      | 8339 ||| PLANNING LAIR
  8401 | Lair:1   | Entered Level 1 of the Lair of Beasts
  8403 | Lair:1   | 8403 ||| INVOKING Heroism.
  8409 | Lair:1   | 8409 ||| Stepping ~*~*~tactically~*~*~ (retreating).
  8410 | Lair:1   | 8410 ||| STAIRDANCE
  8412 | D:9      | 8412 ||| Stepping ~*~*~tactically~*~*~ (retreating).
  8413 | D:9      | 8413 ||| Stepping ~*~*~tactically~*~*~ (retreating).
  8414 | D:9      | 8414 ||| Stepping ~*~*~tactically~*~*~ (retreating).
  8415 | D:9      | 8415 ||| Stepping ~*~*~tactically~*~*~ (retreating).
  8417 | D:9      | 8417 ||| Stepping ~*~*~tactically~*~*~ (retreating).
  8418 | D:9      | 8418 ||| Stepping ~*~*~tactically~*~*~ (retreating).
  8419 | D:9      | 8419 ||| Stepping ~*~*~tactically~*~*~ (retreating).
  8456 | Lair:1   | 8456 ||| INVOKING Heroism.
  8579 | Lair:1   | Reached XP level 12. HP: 77/77 MP: 17/17
  8581 | Lair:1   | 8581 ||| RETREATING.
  8582 | Lair:1   | 8582 ||| Stepping ~*~*~tactically~*~*~ (retreating).
  8583 | Lair:1   | 8583 ||| Stepping ~*~*~tactically~*~*~ (retreating).
  8584 | Lair:1   | 8584 ||| Stepping ~*~*~tactically~*~*~ (retreating).
  8585 | Lair:1   | 8585 ||| Stepping ~*~*~tactically~*~*~ (retreating).
  8586 | Lair:1   | 8586 ||| Stepping ~*~*~tactically~*~*~ (retreating).
  8587 | Lair:1   | 8587 ||| Stepping ~*~*~tactically~*~*~ (retreating).
  8588 | Lair:1   | 8588 ||| Stepping ~*~*~tactically~*~*~ (retreating).
  8594 | Lair:1   | Received a gift from Okawaru
  8597 | Lair:1   | 8597 ||| DROPPING +3 arbalest of flaming.
  8612 | Lair:1   | 8612 ||| RETREATING.
  8620 | Lair:1   | 8620 ||| Stepping ~*~*~tactically~*~*~ (retreating).
  8621 | Lair:1   | 8621 ||| Stepping ~*~*~tactically~*~*~ (retreating).
  8622 | Lair:1   | 8622 ||| Stepping ~*~*~tactically~*~*~ (retreating).
  8623 | Lair:1   | 8623 ||| Stepping ~*~*~tactically~*~*~ (retreating).
  8624 | Lair:1   | 8624 ||| Stepping ~*~*~tactically~*~*~ (retreating).
  8625 | Lair:1   | 8625 ||| Stepping ~*~*~tactically~*~*~ (retreating).
  8626 | Lair:1   | 8626 ||| Stepping ~*~*~tactically~*~*~ (retreating).
  8627 | Lair:1   | 8627 ||| Stepping ~*~*~tactically~*~*~ (retreating).
  8630 | Lair:1   | 8630 ||| FLEEEEING.
  8631 | Lair:1   | 8631 ||| FLEEEEING.
  8632 | Lair:1   | 8632 ||| RETREATING.
  8633 | Lair:1   | 8633 ||| FLEEEEING.
  8634 | Lair:1   | 8634 ||| RETREATING.
  8635 | Lair:1   | 8635 ||| INVOKING Heroism.
  8870 | Lair:1   | 8870 ||| Stepping ~*~*~tactically~*~*~ (retreating).
  8871 | Lair:1   | 8871 ||| Stepping ~*~*~tactically~*~*~ (retreating).
  8872 | Lair:1   | 8872 ||| Stepping ~*~*~tactically~*~*~ (retreating).
  8873 | Lair:1   | 8873 ||| Stepping ~*~*~tactically~*~*~ (retreating).
  8875 | Lair:1   | 8875 ||| Stepping ~*~*~tactically~*~*~ (retreating).
  8876 | Lair:1   | 8876 ||| Stepping ~*~*~tactically~*~*~ (retreating).
  8877 | Lair:1   | 8877 ||| Stepping ~*~*~tactically~*~*~ (retreating).
  8878 | Lair:1   | 8878 ||| Stepping ~*~*~tactically~*~*~ (retreating).
  8878 | Lair:1   | Noticed a boulder beetle
  8879 | Lair:1   | 8879 ||| Stepping ~*~*~tactically~*~*~ (retreating).
  8880 | Lair:1   | 8880 ||| Stepping ~*~*~tactically~*~*~ (retreating).
  8881 | Lair:1   | 8881 ||| Stepping ~*~*~tactically~*~*~ (retreating).
  8882 | Lair:1   | 8882 ||| Stepping ~*~*~tactically~*~*~ (retreating).
  8883 | Lair:1   | 8883 ||| Stepping ~*~*~tactically~*~*~ (retreating).
  8884 | Lair:1   | 8884 ||| INVOKING Heroism.
  8887 | Lair:1   | Killed a boulder beetle
  8889 | Lair:1   | Reached skill level 15 in Ranged Weapons
  8897 | Lair:1   | Reached skill level 9 in Invocations
  8898 | Lair:1   | HP: 15/77 [cane toad (11)]
  8899 | Lair:1   | 8899 ||| READING 2 scrolls of teleportation.
  8900 | Lair:1   | 8900 ||| DRINKING potion of heal wounds.
  8901 | Lair:1   | 8901 ||| INVOKING Heroism.
  9051 | Lair:1   | 9051 ||| RETREATING.
  9053 | Lair:1   | 9053 ||| RETREATING.
  9949 | Lair:1   | 9949 ||| DRINKING 2 white potions.
 10054 | Lair:1   | 10054 ||| DROPPING potion of berserk rage.
 10084 | Lair:2   | Noticed a catoblepas
 10088 | Lair:2   | 10088 ||| INVOKING Heroism.
 10092 | Lair:2   | Killed a catoblepas
 10143 | Lair:2   | 10143 ||| Stepping ~*~*~tactically~*~*~ (retreating).
 10217 | Lair:2   | 10217 ||| INVOKING Heroism.
 10428 | Lair:2   | 10428 ||| INVOKING Heroism.
 10430 | Lair:2   | 10430 ||| RETREATING.
 10431 | Lair:2   | 10431 ||| Stepping ~*~*~tactically~*~*~ (retreating).
 10434 | Lair:2   | 10434 ||| Stepping ~*~*~tactically~*~*~ (retreating).
 10463 | Lair:2   | Reached skill level 16 in Ranged Weapons
 10470 | Lair:2   | 10470 ||| INVOKING Heroism.
 10725 | Lair:2   | 10725 ||| RETREATING.
 10733 | Lair:2   | Reached XP level 13. HP: 75/83 MP: 20/20
 10786 | Lair:2   | 10786 ||| RETREATING.
 10810 | Lair:2   | 10810 ||| FLEEEEING.
 10811 | Lair:2   | 10811 ||| FLEEEEING.
 10812 | Lair:2   | 10812 ||| FLEEEEING.
 10813 | Lair:2   | 10813 ||| FLEEEEING.
 10814 | Lair:2   | 10814 ||| FLEEEEING.
 10815 | Lair:2   | 10815 ||| FLEEEEING.
 10816 | Lair:2   | 10816 ||| FLEEEEING.
 10817 | Lair:2   | 10817 ||| FLEEEEING.
 10896 | Lair:2   | 10896 ||| INVOKING Heroism.
 11010 | Lair:2   | 11010 ||| Stepping ~*~*~tactically~*~*~ (outnumbered).
 11019 | Lair:2   | 11019 ||| INVOKING Heroism.
 11115 | Lair:2   | Found a staircase to the Swamp.
 11118 | Lair:2   | 11118 ||| INVOKING Heroism.
 11181 | Lair:2   | 11181 ||| RETREATING.
 11188 | Lair:2   | 11188 ||| Stepping ~*~*~tactically~*~*~ (retreating).
 11189 | Lair:2   | 11189 ||| INVOKING Heroism.
 11194 | Lair:2   | HP: 10/84 [alligator (13)]
 11195 | Lair:2   | 11195 ||| READING scroll of teleportation.
 11196 | Lair:2   | 11196 ||| DRINKING 2 potions of heal wounds.
 11198 | Lair:2   | 11198 ||| DRINKING potion of heal wounds.
 11352 | Lair:2   | 11352 ||| INVOKING Heroism.
 11437 | Lair:2   | Noticed a dire elephant
 11437 | Lair:2   | Noticed a dire elephant
 11437 | Lair:2   | Noticed a dire elephant
 11438 | Lair:2   | 11438 ||| RETREATING.
 11440 | Lair:2   | 11440 ||| INVOKING Heroism.
 11441 | Lair:2   | 11441 ||| Stepping ~*~*~tactically~*~*~ (retreating).
 11442 | Lair:2   | 11442 ||| Stepping ~*~*~tactically~*~*~ (retreating).
 11443 | Lair:2   | 11443 ||| Stepping ~*~*~tactically~*~*~ (retreating).
 11444 | Lair:2   | 11444 ||| Stepping ~*~*~tactically~*~*~ (retreating).
 11445 | Lair:2   | 11445 ||| Stepping ~*~*~tactically~*~*~ (retreating).
 11446 | Lair:2   | 11446 ||| Stepping ~*~*~tactically~*~*~ (retreating).
 11447 | Lair:2   | 11447 ||| Stepping ~*~*~tactically~*~*~ (retreating).
 11448 | Lair:2   | 11448 ||| Stepping ~*~*~tactically~*~*~ (retreating).
 11449 | Lair:2   | 11449 ||| Stepping ~*~*~tactically~*~*~ (retreating).
 11450 | Lair:2   | 11450 ||| Stepping ~*~*~tactically~*~*~ (retreating).
 11451 | Lair:2   | 11451 ||| Stepping ~*~*~tactically~*~*~ (retreating).
 11452 | Lair:2   | 11452 ||| Stepping ~*~*~tactically~*~*~ (retreating).
 11453 | Lair:2   | 11453 ||| Stepping ~*~*~tactically~*~*~ (retreating).
 11454 | Lair:2   | 11454 ||| Stepping ~*~*~tactically~*~*~ (retreating).
 11455 | Lair:2   | 11455 ||| Stepping ~*~*~tactically~*~*~ (retreating).
 11456 | Lair:2   | 11456 ||| Stepping ~*~*~tactically~*~*~ (retreating).
 11457 | Lair:2   | 11457 ||| INVOKING Heroism.
 11469 | Lair:2   | HP: 12/84 [dire elephant (16)]
 11469 | Lair:2   | HP: 2/84 [dire elephant (10)]
 11469 | Lair:2   | Mangled by a dire elephant

Levels and vault maps discovered:
D:1:      minmay_arrival_four_houses, layout_rooms
D:2:      layout_basic, hellmonk_ecumenical_altar_heavens_door,
          minmay_hedge_maze, minmay_misc_feat_alley, corexii_hall_statues_x
D:3:      layout_basic, mainiacjoe_overflow_alcove_2, kennysheep_donut
D:4:      layout_cave_pools, nicolae_ashenzari_panopticon,
          nemelex_diamond_rough_becter
D:5:      layout_cave_pools, minmay_temple_entry_offerings
D:6:      layout_basic, okawaru_metal_pillars_3,
          nicolae_hepliaklqana_hazy_memory, serial_shops, shop, uniq_duvessa
D:7:      hellmonk_destroyed_diamonds, layout_cave_pods, serial_park,
          serial_park_avenue1, serial_park_tiny_pond, enter_bailey_2
D:8:      kennysheep_windowed_halls, layout_basic,
          nicolae_ru_great_annihilating_truth,
          mainiacjoe_overflow_large_starburst, uniq_prince_ribbit1
D:9:      layout_cave_pools, nicolae_overflow_hidden_temple,
          mainiacjoe_overflow_brackets, lemuel_doored_altar
D:10:     layout_gridville, orc_0_dummy, uniq_lodul
Temple:   nicolae_temple_bog_church
Lair:1:   layout_layer_cave, chequers_serial_rivers_small_b, grunt_megastairs_3,
          serial_bayou_shore_b
Lair:2:   layout_roguey, nicolae_swamp_entry_splash_gauntlet,
          nicolae_lair_lakeside_cave, infiniplex_staircase_pool

Skill      XL: |  1  2  3  4  5  6  7  8  9 10 11 12 13 |
---------------+----------------------------------------+-----
Armour         | 1 2 3 4 5 |  5.0
Ranged Weapons | 5 6 7 8 10 11 13 14 16 | 16.7
Fighting       | 3 4 5 6 8 9 10 11 | 11.0
Dodging        | 2 3 4 5 |  5.0
Invocations    | 3 4 7 10 | 10.0
Stealth        | |  1.1

Action                     |  1- 3 |  4- 6 |  7- 9 | 10-12 | 13-15 || total
---------------------------+-------+-------+-------+-------+-------++-------
   Fire: Shortbow          |    67 |   159 |   320 |       |       ||   546
         Longbow           |       |       |    54 |   431 |    95 ||   580
 Invoke: Heroism           |       |       |     3 |    19 |     7 ||    29
    Use: Scroll            |     3 |     5 |     8 |     7 |     1 ||    24
         Potion            |       |       |     4 |     4 |     2 ||    10
 Armour: Leather armour    |     6 |       |       |       |       ||     6
         Ring mail         |     8 |    77 |   110 |   363 |   107 ||   665
  Dodge: Dodged            |     8 |    78 |    76 |   298 |    67 ||   527
  Block: Other             |       |       |    42 |   110 |    21 ||   173
         Reflection        |       |       |     1 |     3 |       ||     4

Table legend:
 A = Non-vault XP
 B = Vault XP
 C = Vault XP percentage of total XP
 D = Non-vault monster count
 E = Vault monster count
 F = Vault count percentage of total count
                 A         B        C        D         E       F
            +---------+---------+-------+---------+---------+-------
      Total |   27015 |   13378 |  33.1 |     276 |      61 |  18.1
            +---------+---------+-------+---------+---------+-------
        D:1 |      20 |       0 |   0.0 |      14 |       0 |   0.0
        D:2 |     110 |       0 |   0.0 |      21 |       0 |   0.0
        D:3 |     141 |       0 |   0.0 |      22 |       0 |   0.0
        D:4 |     450 |       0 |   0.0 |      15 |       0 |   0.0
        D:5 |     460 |       0 |   0.0 |      16 |       0 |   0.0
        D:6 |    1806 |     216 |  10.7 |      41 |       2 |   4.7
        D:7 |    1079 |       0 |   0.0 |      16 |       0 |   0.0
        D:8 |    6049 |    2734 |  31.1 |      36 |      25 |  41.0
        D:9 |    2369 |       0 |   0.0 |      32 |       0 |   0.0
       D:10 |    2159 |       0 |   0.0 |      14 |       0 |   0.0
     Lair:1 |    6643 |    1917 |  22.4 |      29 |       9 |  23.7
     Lair:2 |    5729 |    8511 |  59.8 |      20 |      25 |  55.6
            +---------+---------+-------+---------+---------+-------
